 Dungeon Crawl Stone Soup version 0.29.1-14-g9c671dbff4 (webtiles) character file.

Game seed: 17786340401221801315

466 sweetbreads the Digger (level 7, -4/36 HPs)
             Began as a Gargoyle Earth Elementalist on Feb 16, 2023.
             Slain by Duvessa
             ... wielding a +0 short sword
              (16 damage)
             ... on level 4 of the Dungeon.
             The game lasted 00:19:08 (4685 turns).

sweetbreads the Digger (GrEE)                       Turns: 4685, Time: 00:19:08

Health: -4/36      AC:  7    Str: 12    XL:     7   Next: 8%
Magic:  13/19      EV: 12    Int: 17    God:
Gold:   269        SH:  5    Dex: 10    Spells: 2/10 levels left

rFire   . . .      SeeInvis .   a - +0 war axe "Ciack" {freeze, rElec rN+}
rCold   . . .      Faith    .   (no shield)
rNeg    + + .      Spirit   .   d - +0 robe
rPois   ∞          Reflect  +   n - +0 helmet
rElec   +          Harm     .   (no cloak)
rCorr   .          Rampage  .   (no gloves)
Will    .....                   (no boots)
Stlth   ++........              c - amulet of reflection
HPRegen 0.12/turn               v - ring of magical power
MPRegen 0.16/turn               (no ring)

@: no status effects
A: sickness immunity, AC +4, negative energy resistance 1, electricity
resistance, torment resistance 1, petrification resistance
a: no special abilities


You were on level 4 of the Dungeon.
You visited 1 branch of the dungeon, and saw 5 of its levels.

You collected 269 gold pieces.

Inventory:

Hand Weapons
 a - the +0 war axe "Ciack" (weapon) {freeze, rElec rN+}
   (You found it on level 3 of the Dungeon)

   It freezes those it strikes, dealing additional cold damage.
   It can also slow down cold-blooded creatures.
   rElec:     It insulates you from electricity.
   rN:        It protects you from negative energy.
 k - a +0 club
 p - a +0 demon blade of electrocution
 t - a +0 whip
 z - a +2 dagger of venom
Missiles
 C - 4 poisoned darts
Armour
 d - a +0 robe (worn)
 n - a +0 helmet (worn)
 B - a +4 ring mail
Jewellery
 c - an amulet of reflection (around neck)
 v - a ring of magical power (left hand)
Scrolls
 f - 2 scrolls of poison {unknown}
 g - 5 scrolls of identify {unknown}
 j - a scroll of teleportation {unknown}
 l - a scroll of brand weapon {unknown}
 o - 2 scrolls of enchant weapon {unknown}
 q - 3 scrolls of butterflies {unknown}
 w - a scroll of immolation {unknown}
 x - a scroll of noise {unknown}
 y - a scroll of blinking {unknown}
Potions
 b - 2 potions of magic
 e - 5 potions of curing {unknown}
 h - a potion of haste {unknown}
 i - 2 potions of heal wounds {unknown}
 m - 2 potions of might {unknown}
 r - a potion of cancellation {unknown}
 s - a potion of mutation {unknown}
 u - a potion of brilliance {unknown}
 A - 2 potions of invisibility {unknown}


   Skills:
 * Level 0.1 Fighting
 * Level 2.9 Dodging
 - Level 4.0 Stealth
 - Level 2.0 Spellcasting
 - Level 2.0 Transmutations
 + Level 7.3 Earth Magic


You had 2 spell levels left.
You knew the following spells:

 Your Spells              Type           Power      Damage    Failure   Level
a - Sandblast             Erth           52%        2d12      1%          1
b - Stone Arrow           Conj/Erth      28%        3d8       13%         3
c - Petrify               Tmut/Erth      17%        N/A       28%         4

Your spell library contained the following spells:

 Spells                   Type           Power      Damage    Failure   Level
 Passwall                 Tmut/Erth      14%        N/A       4%          2
 Ensorcelled Hibernation  Hex/Ice        2%         N/A       28%         2
 Swiftness                Air            1%         N/A       50%         3
 Tukima's Dance           Hex            1%         N/A       50%         3
 Passage of Golubria      Tloc           1%         N/A       88%         4
 Irradiate                Conj/Tmut      2%         3d12      98%         5
 Yara's Violent Unravell  Hex/Tmut       2%         3d3       98%         5
 Sublimation of Blood     Necr           Unusable   N/A       N/A         2

Dungeon Overview and Level Annotations

Branches:
Dungeon (5/15)
 Temple: D:4-7

Altars:
Nemelex Xobeh
Lugonu

Shops:
D:5 *(

Portals:
Abyss: D:4

Annotations:
D:4 2 runed translucent doors, Duvessa


Innate Abilities, Weirdness & Mutations

You are immune to sickness and miasma.
Your stone body is resilient. (AC +4)
You are immune to poison.
You resist negative energy. (rN+)
You are resistant to electric shocks. (rElec)
You are resistant to unholy torment.
You are immune to petrification.


Message History

The blast of sand misses Duvessa.
You block Duvessa's attack. Duvessa hits you with a +0 short sword!
Unknown command.
Casting: Sandblast (safe; 1% risk of failure)
Confirm with . or Enter, or press ? or * to list all spells.
Aiming: Sandblast (safe; 1% risk of failure)
Press: ? - help, Shift-Dir - straight line, f/p - Duvessa
Aim: Duvessa, wielding a +0 short sword and wearing a +0 leather armour (lightly wounded, berserk, 85% to hit)
The blast of sand hits Duvessa.
Duvessa is lightly wounded.
Duvessa hits you but does no damage. You block Duvessa's attack.
Duvessa hits you but does no damage.
Unknown command.
Casting: Sandblast (safe; 1% risk of failure)
Confirm with . or Enter, or press ? or * to list all spells.
Aiming: Sandblast (safe; 1% risk of failure)
Press: ? - help, Shift-Dir - straight line, f/p - Duvessa
Aim: Duvessa, wielding a +0 short sword and wearing a +0 leather armour (lightly wounded, berserk, 85% to hit)
The blast of sand misses Duvessa.
Duvessa barely misses you. Duvessa hits you with a +0 short sword.
Unknown command.
Casting: Sandblast (safe; 1% risk of failure)
Confirm with . or Enter, or press ? or * to list all spells.
Aiming: Sandblast (safe; 1% risk of failure)
Press: ? - help, Shift-Dir - straight line, f/p - Duvessa
Aim: Duvessa, wielding a +0 short sword and wearing a +0 leather armour (lightly wounded, berserk, 85% to hit)
The blast of sand hits Duvessa.
Duvessa is moderately wounded.
You block Duvessa's attack. x2
Unknown command.
Casting: Sandblast (safe; 1% risk of failure)
Confirm with . or Enter, or press ? or * to list all spells.
Aiming: Sandblast (safe; 1% risk of failure)
Press: ? - help, Shift-Dir - straight line, f/p - Duvessa
Aim: Duvessa, wielding a +0 short sword and wearing a +0 leather armour (moderately wounded, berserk, 85% to hit)
The blast of sand hits Duvessa!
Duvessa is heavily wounded.
You block Duvessa's attack. Duvessa hits you with a +0 short sword.
Duvessa hits you with a +0 short sword!
You die...

#...#
##..............######....)
....###..###.........##
##..... ....)...##
###........#####......
#......##
#..........#........
########
#............###..[.
#............# ##.<.
#............## ##..
###..e..........## #..
##....@...##..##..###..
#........###..###.##...
##........##..# #....##
#..####......####.#### ####
##......##..# #
#####.####..#..####
##.....# ##.....#..
#...#=.# ###..#.....
#####..###....###...


You could see Duvessa (berserk).

Vanquished Creatures
  An ogre (D:4)
  Dowan (D:4)
  An orc priest (D:4)
  2 hounds
  Robin (D:1)
  4 gnolls (D:5)
  7 adders
  An ufetubus (D:5)
  4 worms
  A dart slug (D:1)
  10 orcs
  6 ball pythons
  3 endoplasms
  2 giant cockroaches
  10 hobgoblins
  10 jackals
  9 kobolds
  3 quokkas
  6 bats
  7 frilled lizards
  17 goblins
  4 rats
110 creatures vanquished.

Vanquished Creatures (others)
  8 plants (D:2)
8 creatures vanquished.

Grand Total: 118 creatures vanquished

Notes
Turn   | Place    | Note
-------+----------+-------------------------------------------
     0 | D:1      | sweetbreads the Gargoyle Earth Elementalist began the quest
                  | for the Orb.
     0 | D:1      | Reached XP level 1. HP: 10/10 MP: 3/3
   519 | D:1      | Reached XP level 2. HP: 15/15 MP: 1/5
   572 | D:1      | Reached skill level 4 in Earth Magic
   600 | D:1      | Reached skill level 1 in Transmutations
   770 | D:1      | Found a faded altar of an unknown god.
   843 | D:1      | Reached XP level 3. HP: 19/19 MP: 4/6
  1632 | D:2      | Reached XP level 4. HP: 24/24 MP: 4/7
  1658 | D:2      | Noticed Robin
  1680 | D:1      | Reached skill level 5 in Earth Magic
  1843 | D:1      | Killed Robin
  2108 | D:2      | Reached XP level 5. HP: 28/28 MP: 4/8
  2884 | D:3      | Identified the +0 war axe "Ciack" {freeze, rElec rN+}
  3005 | D:4      | Noticed Duvessa
  3005 | D:4      | Noticed Dowan
  3089 | D:4      | Noticed a phantom
  3423 | D:4      | Noticed an ogre
  3434 | D:3      | Reached skill level 6 in Earth Magic
  3955 | D:4      | Learned a level 3 spell: Stone Arrow
  3960 | D:4      | Learned a level 4 spell: Petrify
  4208 | D:4      | Killed an ogre
  4209 | D:4      | Reached XP level 6. HP: 32/32 MP: 9/9
  4322 | D:4      | Killed Dowan
  4373 | D:5      | Entered Level 5 of the Dungeon
  4381 | D:5      | Reached skill level 7 in Earth Magic
  4383 | D:5      | Reached XP level 7. HP: 31/36 MP: 10/10
  4432 | D:5      | Found Qyel's Weapon Boutique.
  4440 | D:5      | Found Gonuzuint's General Store.
  4505 | D:4      | Found a large runed translucent door.
  4506 | D:4      | Found a large runed translucent door.
  4511 | D:4      | Found a corrupted altar of Lugonu.
  4601 | D:4      | Found a sparkling altar of Nemelex Xobeh.
  4666 | D:4      | Found a one-way gate to the infinite horrors of the Abyss.
  4685 | D:4      | Slain by Duvessa

Illustrated notes

Levels and vault maps discovered:
D:1:      giann_forest_graveyard, layout_basic,
          hellmonk_ecumenical_altar_run_dry, minmay_octomino_c4
D:2:      layout_rooms, minmay_fountain_box, serial_bayou_pond_c,
          kennysheep_generic_room_12, uniq_robin
D:3:      layout_basic, minmay_misc_feat_roman
D:4:      due_chaos_kobolds, layout_layer_cave, nemelex_diamond_rough_becter,
          uniq_duvessa
D:5:      minmay_opposing_rooms, layout_rooms, fedhas_altar_3,
          mainiacjoe_overflow_big_doors, serial_shops, shop, shop,
          shop_fountains, nicolae_shop_bloodbath_and_beyond,
          nicolae_take_the_stairs, minmay_misc_feat_enclosed

Skill      XL: |  1  2  3  4  5  6 |
---------------+-------------------+-----
Earth Magic    | 4 5 6 7 |  7.3
Transmutations | 1 2 |  2.0
Dodging        | 2 |  2.9
Stealth        | 3 4 |  4.0
Fighting       | |  0.1
Spellcasting   | |  2.0

Action                   |  1- 3 |  4- 6 |  7- 9 || total
-------------------------+-------+-------+-------++-------
Melee: Unarmed           |     5 |       |       ||     5
       Punch             |     1 |       |       ||     1
       Whip              |       |    12 |       ||    12
       War axe           |       |       |     2 ||     2
 Cast: Sandblast         |    64 |   107 |    16 ||   187
Armor: Robe              |     5 |    25 |     4 ||    34
Dodge: Dodged            |    13 |    29 |     3 ||    45
Block: Other             |     3 |    25 |     6 ||    34
